 Dungeon Crawl Stone Soup version 0.31.0-32-g396128a36d (webtiles) character file.

Game seed: 106008621780911901

13983 RatsInWalls the Fighter (level 11, -8/145 HPs)
             Began as a Demigod Shapeshifter on Mar 9, 2024.
             Mangled by a cane toad (14 damage)
             ... on level 1 of the Lair of Beasts.
             The game lasted 01:02:01 (16580 turns).

RatsInWalls the Fighter (Demigod Shapeshifter)     Turns: 16580, Time: 01:02:02

Health: -8/145     AC: 25    Str: 15    XL:     11   Next: 53%
Magic:  14/14      EV:  2    Int: 16    God:
Gold:   546        SH:  0    Dex: 21    Spells: 10/10 levels left

rFire   . .          .
                       - Unarmed
rCold   + . .        (no shield)
rNeg    . . .        b - melded +2 robe {rC+}
rPois   +            x - melded +2 helmet
rElec   .            i - melded scarf {shadows}
rCorr   .            y - melded +1 pair of gloves
SInv    .            B - melded +0 pair of boots
Will    ++...        (no amulet)
Stlth   ++           K - ring of protection from cold
HPRegen 0.44/turn    o - ring of willpower
MPRegen 0.14/turn

%: no passive effects
@: lethally poisoned (-8 -> -28), tree-form
A: stationary, stasis, torment immunity, boosted hp, high MP 1, forlorn, divine
attributes
a: no special abilities


You were on level 1 of the Lair of Beasts.
You were a tree.
You visited 2 branches of the dungeon, and saw 12 of its levels.
You also visited: Sewer.

You collected 642 gold pieces.
You spent 96 gold pieces at shops.

Inventory:

Hand Weapons
 h - the +8 hand axe "Oviu" {holy, *Noise rF+ rCorr Int+4}
   (You took it off an orc wizard on level 8 of the Dungeon)

   Int+4:     It affects your intelligence (+4).
   rF+:       It protects you from fire.
   *Noise:    It may make a loud noise when swung.
   rCorr:     It protects you from acid and corrosion.
Missiles
 k - 21 poisoned darts
 n - 117 stones (quivered)
 D - 3 throwing nets
 N - 4 atropa-tipped darts
Armour
 b - a +2 robe of cold resistance (melded)
 i - a scarf of shadows (melded)
 x - a +2 helmet (melded)
 y - a +1 pair of gloves (melded)
 B - a +0 pair of boots (melded)
 C - a +2 robe of cold resistance
 J - +1 steam dragon scales
Jewellery
 j - a ring of resist corrosion
 o - a ring of willpower (right branch)
 p - a ring of flight
 K - a ring of protection from cold (left branch)
Talismans
 c - a beast talisman
 d - a flux talisman
 w - a dragon-blood talisman
 E - a maw talisman (active)
Wands
 e - a wand of roots (6)
 M - a wand of polymorph (7)
Scrolls
 g - 2 scrolls of teleportation
 l - a scroll of poison
 m - 3 scrolls of fog
 q - a scroll of identify
 t - 2 scrolls of revelation
 u - 2 scrolls of amnesia
 I - 2 scrolls of immolation
 L - a scroll of summoning
Potions
 a - a potion of resistance
 f - 4 potions of enlightenment
 r - 2 potions of magic
 A - a potion of attraction
 F - a potion of cancellation
 G - a potion of mutation
 H - a potion of brilliance


   Skills:
 + Level 9.3 Fighting
 - Level 0.6 Axes
 + Level 8.3 Dodging
 + Level 0.8 Stealth
 + Level 8.3 Unarmed Combat
 - Level 3.0 Evocations
 + Level 9.2 Shapeshifting


You had 10 spell levels left.
You didn't know any spells.
Your spell library contained the following spells:

 Spells                   Type           Power      Damage    Failure   Level
 Freeze                   Ice            0%         1d3       26%         1
 Magic Dart               Conj           0%         1d3       26%         1
 Sting                    Conj/Alch      0%         1d3       26%         1
 Mercury Vapours          Alch/Air       0%         N/A       36%         2
 Searing Ray              Conj           0%         2d4       36%         2
 Frozen Ramparts          Ice            0%         1d1       58%         3
 Fugue of the Fallen      Necr           0%         N/A       58%         3
 Gell's Gravitas          Tloc           0%         N/A       58%         3
 Mephitic Cloud           Conj/Alch/Air  0%         N/A       58%         3
 Ozocubu's Armour         Ice            0%         N/A       58%         3
 Teleport Other           Tloc           0%         N/A       58%         3
 Fulminant Prism          Conj/Alch      0%         3d5       94%         4
 Leda's Liquefaction      Alch/Erth      0%         N/A       94%         4
 Manifold Assault         Tloc           0%         N/A       94%         4
 Olgreb's Toxic Radiance  Alch           0%         N/A       94%         4
 Petrify                  Alch/Erth      0%         N/A       94%         4
 Metabolic Englaciation   Hex/Ice        0%         N/A       100%        5
 Dispersal                Tloc           0%         N/A       100%        6


Dungeon Overview and Level Annotations

Branches:
Dungeon (11/15)            Temple (0/1) D:6            Lair (1/5) D:11
    Orc (0/2) D:11          Sewer (visited)

Shops:
D:7 ?

Annotations:
D:6 Menkaure, Sigmund


Innate Abilities, Weirdness & Mutations

You are a tree.
Your roots penetrate the ground, keeping you stationary.
You cannot be teleported.
You are immune to unholy pain and torment.
Your maximum health is greatly increased.
Your equipment is partially melded.
You have an increased reservoir of magic. (+10% MP)
You shall have no god before yourself.
Your divine heritage dramatically boosts your attributes as you level up.


Message History

You punch the cane toad!
You bite the cane toad, but do no damage.
The cane toad is moderately wounded.
You feel very sick. The cane toad stings you!
You barely miss the cane toad. Your bite misses the cane toad.
The cane toad is moderately wounded.
You feel sick. The cane toad misses you.
You hit the cane toad. Your bite misses the cane toad.
The cane toad is heavily wounded.
You feel sick. The cane toad stings you!!
Your transformation has ended.
Your +2 robe of cold resistance unmelds from your body.
You feel resistant to cold.
You turn into a tree.
Your scarf of shadows melds into your body.
Your +2 helmet melds into your body.
Your +1 pair of gloves melds into your body.
Your +0 pair of boots melds into your body.
Your +2 robe of cold resistance melds into your body.
The dungeon's light returns to normal.
You feel less resistant to cold.
Your roots penetrate the ground.
You feel sick. The cane toad stings you!
* * * LOW HITPOINT WARNING * * *
Unknown command.
You barely miss the cane toad.
The cane toad is heavily wounded.
You feel sick.
The cane toad stings you but does no damage.
You smack the cane toad!
The cane toad is severely wounded.
You feel sick. The cane toad stings you!
* * * LOW HITPOINT WARNING * * *
You are lethally poisoned!
The cane toad poisons you! The cane toad stings you!
* * * LOW HITPOINT WARNING * * *
You closely miss the cane toad.
The cane toad is severely wounded.
* * * LOW HITPOINT WARNING * * *
You feel very sick. The cane toad stings you!
You die...

.. #+#####.# ..
..............# .
..............#
..............##
...............#
...?...........#
...........#..##
+F.......#
#.....#♣.......#
#.....#.....#..#
##.....#.....#..#
.......#........#
#.....#.....#..#
#.....#.....#..##
.#.......##.##...#
................##
................#


You could see a cane toad.

Vanquished Creatures
  3 two-headed ogres
  Pikel (D:4)
  A cyclops (D:11)
  Joseph (D:8)
  A black mamba (Lair:1)
  A gargoyle (D:11)
  Maggie (D:8)
  A komodo dragon (Lair:1)
  Psyche (D:8)
  A troll (D:9)
  A hornet (D:8)
  Prince Ribbit (D:7)
  A vampire (D:11)
  Eustachio (D:4)
  2 wyverns
  18 yaks
  4 vampire mosquitoes (D:10)
  2 acid dragons (D:9)
  Duvessa (D:6)
  3 water moccasins
  An ice beast (D:5)
  2 black bears
  An orc warrior (D:11)
  3 sky beasts
  2 ogres (D:5)
  A wolf (Lair:1)
  4 centaurs
  3 lemures (D:4)
  2 phantoms
  4 bullfrogs
  2 kobold brigands
  2 brain worms (Sewer)
  3 scorpions
  17 wights
  Dowan (D:6)
  15 killer bees
  5 howler monkeys
  A bombardier beetle (D:5)
  A hound (D:6)
  7 orc priests
  Jessica (D:2)
  4 iguanas
  9 orc wizards
  Robin (D:4)
  10 gnolls
  8 adders
  2 river rats (Sewer)
  A shadow imp (D:8)
  A white imp (D:5)
  2 dart slugs
  4 ribbon worms
  50 orcs
  10 endoplasms
  4 giant cockroaches
  17 goblins
  6 hobgoblins
  4 jackals (D:2)
  9 ball pythons
  6 bats
  13 frilled lizards
  19 kobolds
  8 rats
312 creatures vanquished.

Notes
Turn   | Place    | Note
-------+----------+-------------------------------------------
     0 | D:1      | RatsInWalls the Demigod Shapeshifter began the quest for
                  | the Orb.
     0 | D:1      | Reached XP level 1. HP: 15/15 MP: 3/3
   139 | D:1      | Reached skill level 1 in Fighting
   541 | D:1      | Reached XP level 2. HP: 13/23 MP: 4/4
  1186 | D:2      | Reached XP level 3. HP: 11/28 MP: 5/5
  1383 | D:2      | Noticed Jessica
  1526 | D:2      | Killed Jessica
  2151 | D:3      | Found a glowing drain.
  2177 | Sewer    | Entered a sewer
  2241 | Sewer    | Reached XP level 4. HP: 35/36 MP: 6/6
  2292 | Sewer    | Noticed a brain worm
  2329 | Sewer    | Killed a brain worm
  2421 | Sewer    | Reached XP level 5. HP: 36/44 MP: 7/7
  3582 | D:4      | Noticed Robin
  3727 | D:4      | Noticed Pikel
  4025 | D:4      | Reached XP level 6. HP: 51/51 MP: 8/8
  4068 | D:4      | Killed Robin
  4375 | D:4      | Killed Pikel
  4376 | D:4      | Reached XP level 7. HP: 23/60 MP: 9/9
  4428 | D:4      | Reached skill level 5 in Fighting
  4564 | D:4      | Noticed Eustachio
  5033 | D:5      | Entered Level 5 of the Dungeon
  6016 | D:5      | Reached skill level 5 in Unarmed Combat
  6016 | D:5      | Reached XP level 8. HP: 32/69 MP: 10/10
  6581 | D:4      | Killed Eustachio
  6739 | D:6      | Reached skill level 5 in Shapeshifting
  6917 | D:6      | Found a staircase to the Ecumenical Temple.
  6970 | D:6      | Reached skill level 5 in Dodging
  7476 | D:6      | Noticed Sigmund
  8147 | D:7      | Noticed Prince Ribbit
  8180 | D:7      | Reached XP level 9. HP: 66/75 MP: 11/11
  8206 | D:7      | Killed Prince Ribbit
  8253 | D:7      | Noticed Duvessa
  8253 | D:7      | Noticed Dowan
  8329 | D:6      | Killed Duvessa
  8355 | D:6      | Killed Dowan
  9218 | D:6      | Noticed Menkaure
  9505 | D:7      | Found Hiesm's Magic Scroll Boutique.
  9508 | D:7      | Bought a scroll of identify for 24 gold pieces
  9508 | D:7      | Bought a scroll of identify for 24 gold pieces
  9508 | D:7      | Bought a scroll of identify for 24 gold pieces
  9508 | D:7      | Bought a scroll of identify for 24 gold pieces
  9978 | D:8      | Noticed Joseph
  9999 | D:8      | Killed Joseph
 10006 | D:8      | Noticed Psyche
 10012 | D:8      | Noticed Maggie
 10221 | D:8      | Identified the +8 hand axe "Oviu" {holy, *Noise rF+ rCorr
                  | Int+4}
 10221 | D:8      | Found a flagged portal.
 10916 | D:9      | Reached XP level 10. HP: 79/86 MP: 13/13
 11238 | D:8      | Paralysed by a hornet for 3 turns
 11477 | D:8      | Killed Psyche
 11828 | D:8      | Killed Maggie
 11829 | D:8      | Reached skill level 1 in Evocations
 12428 | D:9      | Noticed a two-headed ogre
 12867 | D:10     | Entered Level 10 of the Dungeon
 12973 | D:10     | Noticed a two-headed ogre
 12982 | D:10     | Killed a two-headed ogre
 13269 | D:9      | Killed a two-headed ogre
 13312 | D:10     | Noticed a two-headed ogre
 13323 | D:10     | Killed a two-headed ogre
 13413 | D:10     | Reached XP level 11. HP: 84/95 MP: 14/14
 14369 | D:11     | Found a staircase to the Lair.
 14979 | D:11     | Got the Directory of Hoarfrost and Pollution
 14981 | D:11     | Found a staircase to the Orcish Mines.
 15263 | Lair:1   | Entered Level 1 of the Lair of Beasts
 16580 | Lair:1   | HP: 6/145 [poisoned by a cane toad]
 16580 | Lair:1   | Mangled by a cane toad

Illustrated notes

Levels and vault maps discovered:
D:1:      heliophobic_arrival_henge, layout_loops_ring
D:2:      layout_basic, uniq_jessica
D:3:      layout_loops_corners, shapermc_ecumenical_altar_totnotflames,
          portal_sewer_entry_c
D:4:      layout_basic, uniq_eustachio, uniq_pikel, uniq_robin
D:5:      minmay_general_purpose_star, layout_basic, old_standard_altar,
          hangedman_decor_lopped, minmay_misc_feat_tower,
          kennysheep_minor_cross, kennysheep_generic_room_3
D:6:      layout_loops_corners, nicolae_hepliaklqana_ecumenical_no_more,
          minmay_temple_entry_antechambers, uniq_sigmund, uniq_menkaure
D:7:      layout_basic, mainiacjoe_overflow_paths, serial_shops,
          nicolae_shop_rolled_up, eino_tiny_chamber, uniq_prince_ribbit1,
          uniq_duvessa
D:8:      layout_rooms, enter_bailey_2, uniq_psyche, uniq_joseph, uniq_maggie
D:9:      layout_cave_pools
D:10:     layout_rooms, serial_curves, eino_curves_04, eino_curves_03
D:11:     layout_loops_ring, lair_entry_dummy, hiddenorc1_lemuel
Lair:1:   layout_regular_city, beast_lair_carwin_5

Skill      XL: |  1  2  3  4  5  6  7  8  9 10 11 |
---------------+----------------------------------+-----
Fighting       | 1 2 3 4 5 6 7 8 9 |  9.3
Dodging        | 2 3 4 5 6 7 8 |  8.3
Unarmed Combat | 3 4 5 6 7 8 |  8.3
Shapeshifting  | 3 4 5 7 8 9 |  9.2
Evocations     | 3 |  3.0
Axes           | |  0.6
Stealth        | |  0.8

Action                     |  1- 3 |  4- 6 |  7- 9 | 10-12 || total
---------------------------+-------+-------+-------+-------++-------
  Melee: Unarmed           |   144 |   219 |   520 |   513 ||  1396
         Punch             |     1 |     3 |       |     6 ||    10
         Maw               |       |       |       |    21 ||    21
  Throw: Stone             |       |     2 |       |     1 ||     3
  Evoke: Wand              |       |       |       |    12 ||    12
    Use: Scroll            |     6 |     3 |    17 |     4 ||    30
         Potion            |     1 |     4 |     9 |     3 ||    17
   Stab: Distracted        |     1 |     1 |       |       ||     2
         Sleeping          |       |     2 |       |       ||     2
         Invisible         |       |     1 |       |       ||     1
 Armour: Leather armour    |    11 |       |       |       ||    11
         Skin              |    25 |    16 |   246 |   212 ||   499
         Robe              |     7 |    64 |       |       ||    71
  Dodge: Dodged            |    76 |   114 |   402 |   499 ||  1091
   Form: Flux              |     2 |     1 |       |     1 ||     4
         Beast             |     2 |       |       |       ||     2
         Maw               |       |       |       |     2 ||     2
